General information
- name: Local Game (power(doom))
- type: Custom game
- host: power(doom)
- saver: power(doom)
map: EchoIsles
- players: 2
- length: 05:38
- speed: Fast
- version: 1.23 W3XP
- replay type: Public
» download(39 KB)
Players
team 1 (winner)

»
power(doom) (
red | 176 APM | 993 actions | 05:38)
2 Demon Hunter
1 Mana Burn
1 Immolation
» actions
| Assign group hotkey | 11 | |
| Build / train | 18 | |
| Enter build submenu | 10 | |
| Enter hero's abilities submenu | 2 | |
| Right click | 499 | |
| Select / deselect | 76 | |
| Select group hotkey | 360 | |
| Use ability | 17 | |
993 total
» units
» buildings
| Moon Well | 6 | |
| Altar of Elders | 1 | |
| Ancient of War | 2 | |
| Hunter's Hall | 1 | |
| Tree of Ages | 1 | |
11 total
» build order
00:19 Moon Well
00:33 Altar of Elders
01:11 Ancient of War
01:14 Ancient of War
01:58 Hunter's Hall
02:06 Moon Well
02:18 Moon Well
03:25 Tree of Ages
03:41 Moon Well
05:27 Moon Well
05:27 Moon Well
team 2 (loser)

»
KodosForsaken (
brown | 163 APM | 918 actions | 05:36)
1 Mountain King
1 Storm Bolt
» actions
| Assign group hotkey | 10 | |
| Basic commands | 18 | |
| Build / train | 42 | |
| Enter build submenu | 13 | |
| Enter hero's abilities submenu | 1 | |
| Right click | 521 | |
| Select / deselect | 120 | |
| Select group hotkey | 175 | |
| Use ability | 18 | |
918 total
» units
» buildings
| Farm | 5 | |
| Barracks | 1 | |
| Altar of Kings | 1 | |
| Lumber Mill | 1 | |
| Scout Tower | 4 | |
| Guard Tower | 7 | |
19 total
» build order
00:19 Farm
00:34 Barracks
00:38 Altar of Kings
01:08 Lumber Mill
01:16 Farm
01:42 Farm
02:53 Farm
03:24 Farm
03:50 Scout Tower
03:54 Scout Tower
04:04 Guard Tower
04:11 Guard Tower
04:11 Guard Tower
04:18 Scout Tower
04:34 Guard Tower
05:06 Scout Tower
05:25 Guard Tower
05:25 Guard Tower
Chat log
(00:10 / All) power(doom): do u think u win 2-0?
(00:21 / All) KodosForsaken: no
(00:23 / All) KodosForsaken: ill win 1-0
(00:26 / All) KodosForsaken: and ull forfeit the other game
(00:28 / All) power(doom): its a bo3
(00:38 / All) power(doom): i never forfeit
(00:44 / All) KodosForsaken: might aswell
(00:46 / All) power(doom): not even against orc_is_h4x
(00:47 / All) KodosForsaken: save the time and rape
(01:01 / All) power(doom): i never forfeit
(01:56 / All) power(doom): spikes a bit
(02:00 / All) KodosForsaken: ur the host
(02:01 / All) KodosForsaken: genius
(02:02 / All) KodosForsaken: go
(02:53 / All) power(doom): i dont like ur farm here
(03:06 / All) KodosForsaken: np
(05:35 / All) KodosForsaken: luckup trash